 Dungeon Crawl Stone Soup version 0.14-a0-817-g3f7b0b1 (webtiles) character file.

17043 4tharraofdagon the Cleaver (level 11, 0/94 HPs)
             Began as a Minotaur Gladiator on Nov 12, 2013.
             Was a High Priest of Okawaru.
             Slain by Somebody's ghost (1 damage)
             ... on Level 4 of the Orcish Mines.
             The game lasted 00:36:25 (4986 turns).

4tharraofdagon the Cleaver (Minotaur Gladiator)     Turns: 4986, Time: 00:36:25

HP   0/94        AC 17     Str 23      XL: 11   Next: 95%
MP  15/15        EV 11     Int  5      God: Okawaru [*****.]
Gold 2069        SH  0     Dex 11      Spells:  0 memorised, 10 levels left

Res.Fire  : + . .   See Invis. : .   B - +8,+0 dwarf battleaxe (freeze)
Res.Cold  : . . .   Warding    : .   P - +7 scale mail of the Pits of Slime {rF+ Dam+4}
Life Prot.: . . .   Conserve   : .   (no shield)
Res.Poison: .       Res.Corr.  : .   c - +0 cap
Res.Elec. : .       Clarity    : .   (no cloak)
Sust.Abil.: . .     Spirit.Shd : .   (no gloves)
Res.Mut.  : .       Stasis     : .   (no boots)
Res.Rott. : .       Flight     : .   Q - amulet of rage
Saprovore : . . .                    g - ring of sustenance
                                     e - ring of regeneration

@: confused, heroism, somewhat resistant to hostile enchantments, extremely
unstealthy
A: retaliatory headbutt, horns 2
a: Heroism, Finesse, Renounce Religion, Evoke Berserk Rage


You were on level 4 of the Orcish Mines.
You worshipped Okawaru.
Okawaru was extremely pleased with you.
You were not hungry.

You visited 3 branches of the dungeon, and saw 16 of its levels.
You also visited: Bailey and Ice Cave.

You collected 2123 gold pieces.
You spent 54 gold pieces at shops.

Inventory:

Hand weapons
 a - a +0,+0 hand axe
 k - a +1,+1 orcish battleaxe
 o - a +1,+1 dwarven hand axe
 B - a +8,+0 dwarven battleaxe of freezing (weapon)
 H - a -1,+0 orcish war axe
 N - a -1,+0 orcish broad axe
Missiles
 d - 2 curare-tipped needles
 l - 8 exploding darts (quivered)
 m - 32 tomahawks of returning
 t - 6 needles of sleeping
 x - a throwing net [frayed]
 z - a throwing net [frayed]
 L - 2 throwing nets
Armour
 c - a +0 cap (worn)
 F - a +0 troll hide
 P - the cursed +7 scale mail of the Pits of Slime (worn) {rF+ Dam+4}
   (You found it in a bailey)

   It affects your damage-dealing abilities (+4).
   It protects you from fire.
   It has a curse placed upon it.
Magical devices
 u - a wand of lightning (0)
 I - a wand of enslavement (9)
 K - a wand of lightning (0)
 S - a wand of disintegration (14)
Comestibles
 f - 6 bread rations
 G - a meat ration
 R - a pear
Scrolls
 b - a scroll of recharging {unknown}
 i - 2 scrolls of enchant armour
 j - a scroll of amnesia
 n - 2 scrolls of teleportation {unknown}
 p - a scroll of enchant weapon II
 r - 3 scrolls of identify
 v - a scroll of fog {unknown}
 w - a scroll of blinking {unknown}
 y - a scroll of remove curse {unknown}
 A - a scroll of curse jewellery {unknown}
 C - a scroll of curse weapon
 D - a scroll of enchant weapon III
 M - a scroll of curse armour
 O - a scroll of random uselessness {unknown}
Jewellery
 e - a ring of regeneration (left hand)
 g - a ring of sustenance (right hand)
 s - an uncursed ring of invisibility
 J - an uncursed ring of ice
 Q - an amulet of rage (around neck)
Potions
 h - a potion of brilliance
 q - 3 potions of curing
 E - a potion of might


   Skills:
 + Level 10.9(15.9) Fighting
 * Level 14.6(19.6) Axes
 - Level 2.0(7.0) Throwing
 + Level 10.5(15.5) Armour
 - Level 3.2(8.2) Dodging
 - Level 4.0 Invocations
 - Level 7.0 Evocations


You had 10 spell levels left.
You didn't know any spells.

Dungeon Overview and Level Annotations

Branches:
Dungeon (11/27)            Temple (1/1) D:5             Orc (4/4) D:6
    Elf: Orc:3-4       Lair: D:8-13

Altars:
Ashenzari
Cheibriados
Elyvilon
Fedhas
Kikubaaqudgha
Makhleb
Nemelex Xobeh
Okawaru
Sif Muna
Trog
Vehumet
Xom
Yredelemnul
the Shining One

Shops:
Orc:1 *   Orc:3 (

Annotations:
D:1 1 exclusion
Orc:4 Somebody's ghost, powerful GrSk


Innate Abilities, Weirdness & Mutations

You reflexively headbutt those who attack you in melee.
You have a pair of horns on your head.


Message History

You are engulfed in noxious fumes.
You choke on the stench!
You are more confused.
* * * LOW HITPOINT WARNING * * *
You are no longer glowing.
The orc is engulfed in noxious fumes.
The orc appears confused.
Somebody's ghost hits you but does no damage.
You writhe in agony.
* * * LOW HITPOINT WARNING * * *
Unknown command.
Unknown command.
Drink which item? (? for menu, Esc to quit)
You feel better.
You are engulfed in noxious fumes.
You choke on the stench!
You are confused.
The orc is engulfed in noxious fumes.
The orc appears confused.
The orc dies!
The orc is engulfed in noxious fumes.
The orc appears confused.
Somebody's ghost hits you!
* * * LOW HITPOINT WARNING * * *
You writhe in agony.
You die...

...................
#...........o#.....#
...$................
#..............o......
.........#.§§§........
#..........§§§)..$....
..........§§§.........
...........§p§........
......o....§@§.....$..
..........§ooo.......
...........)$.o......
................o....
.....................
...................
..................
.......$.........
...#...........


You could see an orc warrior, 2 orc wizards, Somebody's ghost and 5 orcs.

Vanquished Creatures
  Harold (Orc:2)
  Josephine (D:10)
  A death yak (IceCv)
  Urug (Orc:2)
  Nergalle (Orc:2)
  A hill giant (D:11)
  Joseph (Orc:3)
  An orc sorcerer (Orc:3)
  3 trolls
  10 polar bears (IceCv)
  11 yaks
  A griffon skeleton (D:10)
  A hill giant skeleton (D:8)
  Edmund (D:6)
  16 wolves (IceCv)
  9 orc warriors
  4 ogres
  A yellow wasp (D:11)
  3 centaurs
  An ice beast (D:11)
  Sigmund (D:6)
  A warg (Orc:3)
  2 giant frogs
  6 killer bees (D:10)
  2 troll skeletons
  A hippogriff skeleton (D:10)
  2 jellies (D:8)
  6 crimson imps
  7 orc priests
  A black bear zombie (D:10)
  A hound (D:5)
  14 orc wizards
  An iguana (D:10)
  A scorpion (D:4)
  3 spectral orcs (Orc:2)
  4 worker ants
  An ogre zombie (D:7)
  A sky beast zombie (D:10)
  A hound skeleton (D:10)
  7 adders
  A gnoll (Bailey)
  A worm zombie (D:6)
  12 white imps (Orc:3)
  3 worms
  A goliath beetle zombie (D:10)
  An inept item mimic (D:7)
  A giant centipede zombie (D:11)
  An iguana zombie (D:6)
  A scorpion zombie (D:7)
  A giant eyeball (D:5)
  91 orcs
  5 bats
  12 hobgoblins
  3 quokkas
  2 giant cockroaches
  3 giant geckos
  A giant gecko skeleton (D:4)
  2 giant newts
  8 goblins
  A hobgoblin skeleton (D:4)
  A hobgoblin zombie (D:6)
  18 kobolds
  An orc skeleton (D:8)
  A quokka zombie (D:6)
  7 rats
311 creatures vanquished.

Vanquished Creatures (others)
  3 orcs (Orc:4)
3 creatures vanquished.

Grand Total: 314 creatures vanquished

Notes
Turn   | Place    | Note
--------------------------------------------------------------
     0 | D:1      | 4tharraofdagon, the Minotaur Gladiator, began the quest for the Orb.
     0 | D:1      | Reached XP level 1. HP: 18/18 MP: 0/0
    81 | D:1      | Reached skill level 4 in Axes
    81 | D:1      | Reached XP level 2. HP: 25/25 MP: 0/0
   140 | D:2      | Reached skill level 1 in Armour
   155 | D:2      | Reached XP level 3. HP: 27/31 MP: 1/1
   432 | D:4      | Found an ancient bone altar of Kikubaaqudgha.
   460 | D:4      | Reached skill level 5 in Axes
   465 | D:4      | Reached XP level 4. HP: 25/38 MP: 1/1
   516 | D:5      | Entered Level 5 of the Dungeon
   553 | D:5      | Noticed a giant frog
   566 | D:5      | Killed a giant frog
   566 | D:5      | Reached XP level 5. HP: 31/45 MP: 1/1
   585 | D:5      | Reached skill level 1 in Evocations
   619 | D:5      | Found a staircase to the Ecumenical Temple.
   628 | Temple   | Entered the Ecumenical Temple
   741 | Temple   | Became a worshipper of Warmaster Okawaru
   847 | D:5      | Noticed a centaur
   862 | D:5      | Killed a centaur
   862 | D:5      | Reached skill level 6 in Axes
   862 | D:5      | Reached XP level 6. HP: 19/51 MP: 3/3
  1005 | D:6      | Noticed Edmund
  1011 | D:6      | Killed Edmund
  1205 | D:7      | Found a burning altar of Makhleb.
  1359 | D:9      | Acquired Okawaru's first power
  1359 | D:9      | Reached XP level 7. HP: 46/58 MP: 4/4
  1366 | D:9      | Noticed a manticore
  1400 | D:8      | Reached skill level 7 in Axes
  1422 | D:8      | Noticed a hill giant skeleton
  1424 | D:8      | Noticed a troll
  1707 | D:6      | Daniel: hi
  1709 | D:6      | 4tharraofdagon: hello
  1794 | D:6      | Reached skill level 5 in Fighting
  1814 | D:6      | Found a staircase to the Orcish Mines.
  1825 | Orc:1    | Entered Level 1 of the Orcish Mines
  1945 | Orc:1    | Found Lorir's Assorted Antiques.
  2006 | D:6      | Noticed Sigmund
  2048 | D:7      | Reached XP level 8. HP: 38/67 MP: 5/6
  2106 | D:7      | Reached skill level 8 in Axes
  2120 | D:7      | Reached skill level 5 in Armour
  2284 | Orc:1    | Found a flagged portal.
  2305 | Bailey   | Entered a bailey
  2441 | Bailey   | Reached skill level 9 in Axes
  2452 | Bailey   | Got a fine ring mail
  2463 | Bailey   | Found an iron altar of Okawaru.
  2471 | Bailey   | Got a pitted scale mail
  2478 | Bailey   | Identified the cursed +7 scale mail of the Pits of Slime {rF+ Dam+4} (You found it in a bailey)
  2479 | Bailey   | Identified the cursed +0 ring mail of Liberty {Str-4 Dex+1 SInv} (You took it off a kobold in a bailey)
  2633 | Orc:2    | Noticed Urug
  2656 | Orc:2    | HP: 1/68 [Urug/orcish great sword (21)]
  2729 | Orc:2    | HP: 1/68 [Urug/orcish great sword (26)]
  2730 | Orc:2    | hurdos: Did your Dg die?
  2737 | Orc:2    | 4tharraofdagon: yes
  2745 | Orc:2    | 4tharraofdagon: i didnt find annihilations
  2837 | Orc:2    | Killed Urug
  2837 | Orc:2    | Reached XP level 9. HP: 27/74 MP: 6/10
  2850 | Orc:2    | Noticed Harold
  2860 | Orc:2    | Killed Harold
  2860 | Orc:2    | Reached skill level 10 in Axes
  2860 | Orc:2    | Reached skill level 5 in Evocations
  2919 | Orc:1    | hurdos: I found shop with annihilations on D:6 :)
  2919 | Orc:1    | Bought a scroll labeled FREULO SMEOXEA for 27 gold pieces
  2919 | Orc:1    | Bought a scroll labeled ODASAX LARGHIAS {tried on cursed +0 chain mail} for 27 gold pieces
  2949 | Orc:1    | hurdos: then I found this book on D:19
  2959 | Orc:1    | 4tharraofdagon: good
  2965 | Orc:1    | hurdos: my current Dg is lucky
  2965 | Orc:1    | 4tharraofdagon: i went through the all dungeon
  2965 | Orc:1    | 4tharraofdagon: from d:1 to 27
  2965 | Orc:1    | 4tharraofdagon: vaults
  2965 | Orc:1    | 4tharraofdagon: and lair branches
  3004 | Orc:2    | Found a bloodstained altar of Trog.
  3018 | Orc:2    | Noticed Nergalle
  3091 | Orc:3    | Found Antomm's Weapon Emporium.
  3104 | Orc:3    | Bloax: Mu have a better start than Fo.
  3115 | Orc:3    | Bloax: because at least mummies don't die to the first adder they spot
  3126 | Orc:3    | Found a frozen archway.
  3151 | IceCv    | Entered an ice cave
  3174 | IceCv    | Reached skill level 11 in Axes
  3179 | IceCv    | Bloax: an exp cave
  3218 | IceCv    | Reached XP level 10. HP: 75/84 MP: 11/13
  3353 | IceCv    | Reached skill level 12 in Axes
  3367 | IceCv    | Acquired Okawaru's second power
  3404 | IceCv    | Reached skill level 1 in Invocations
  3453 | IceCv    | Noticed a death yak
  3473 | IceCv    | Killed a death yak
  3510 | IceCv    | Bloax: on the bright side
  3510 | IceCv    | Bloax: if it's a frost giant
  3510 | IceCv    | Bloax: there's a battleaxe of freezing!
  3519 | IceCv    | hurdos: or dragon
  3528 | IceCv    | 4tharraofdagon: or dagon
  3548 | IceCv    | Reached XP level 11. HP: 64/92 MP: 15/15
  3564 | IceCv    | Received a gift from Okawaru
  3578 | IceCv    | hurdos: LOL
  3583 | IceCv    | Bloax: speak of the devil
  3639 | IceCv    | 4tharraofdagon: enchant this?
  3639 | IceCv    | 4tharraofdagon: or wait for better one
  3639 | IceCv    | hurdos: wait
  3655 | IceCv    | Reached skill level 13 in Axes
  3661 | IceCv    | Bloax: Its accuracy score is great that's for sure.
  3704 | IceCv    | Noticed an ice statue
  3705 | IceCv    | Bloax: smells like dragon
  3705 | IceCv    | hurdos: ;(
  3705 | IceCv    | 4tharraofdagon: smells like dragon spirit
  3902 | Orc:3    | Noticed an orc sorcerer
  3908 | Orc:3    | Killed an orc sorcerer
  4033 | Orc:3    | Bloax: hey
  4038 | Orc:3    | Bloax: grab the hide
  4055 | Orc:3    | Bloax: it's good for healing up a bit faster
  4106 | Orc:2    | Killed Nergalle
  4106 | Orc:2    | Reached skill level 10 in Fighting
  4192 | Orc:3    | Noticed Joseph
  4201 | Orc:3    | Killed Joseph
  4266 | D:6      | Killed Sigmund
  4299 | D:8      | Killed a troll
  4304 | D:8      | Killed a hill giant skeleton
  4325 | D:8      | Noticed a yak
  4346 | D:8      | Killed a yak
  4373 | D:8      | Received a gift from Okawaru
  4460 | D:10     | Entered Level 10 of the Dungeon
  4466 | D:10     | Reached skill level 10 in Armour
  4468 | D:10     | Noticed Josephine
  4470 | D:10     | Reached skill level 14 in Axes
  4481 | D:10     | Killed Josephine
  4671 | D:11     | Bloax: TurboTrogMode: On
  4713 | D:11     | Noticed a hill giant
  4746 | D:11     | Killed a hill giant
  4831 | D:11     | 4tharraofdagon: lets get back to the front
  4843 | D:10     | hurdos: why are you so greedy for abils?! :)
  4943 | Orc:4    | Entered Level 4 of the Orcish Mines
  4949 | Orc:4    | Noticed Somebody's ghost (powerful GrSk)
  4986 | Orc:4    | HP: 1/94 [Somebody's ghost (13)]
  4986 | Orc:4    | Slain by Somebody's ghost

Action                   |  1- 3 |  4- 6 |  7- 9 | 10-12 || total
-------------------------+-------+-------+-------+-------++-------
Melee: Hand axe          |    99 |   107 |    88 |       ||   294
       War axe           |       |       |    64 |       ||    64
       Broad axe         |       |       |    43 |       ||    43
       Battleaxe         |       |       |    60 |   323 ||   383
Throw: Throwing net      |       |     3 |     1 |       ||     4
       Dart              |       |       |     5 |       ||     5
Invok: Heroism           |       |       |    11 |     7 ||    18
 Abil: Evoke Berserk Rag |       |       |       |     1 ||     1
Evoke: Wand              |       |     5 |     4 |     2 ||    11
  Use: Potion            |       |     1 |     3 |     1 ||     5
       Scroll            |       |       |     8 |     3 ||    11
 Stab: Fleeing           |       |       |       |     1 ||     1
